 Dungeon Crawl Stone Soup version 0.21.1-1-g345015fe64 (webtiles) character file.

105 JOKERXD40 the Chopper (level 4, -3/41 HPs)
             Began as a Hill Orc Monk on July 6, 2018.
             Slain by a worm (4 damage)
             ... on level 2 of the Dungeon.
             The game lasted 00:03:50 (1497 turns).

JOKERXD40 the Chopper (Hill Orc Monk)               Turns: 1497, Time: 00:03:51

Health: -3/41      AC:  8    Str: 13 (14) XL:     4   Next: 81%
Magic:  4/4        EV:  6    Int:  8 (10) God:
Gold:   167        SH:  0    Dex: 11 (13) Spells: 3/3 levels left

rFire    . . .     SeeInvis .   a - +0 hand axe
rCold    . . .     Gourm    .   (no shield)
rNeg     . . .     Faith    .   h - +0 chain mail
rPois    .         Spirit   .   (no helmet)
rElec    .         Reflect  .   (no cloak)
rCorr    .         Harm     .   (no gloves)
MR       .....                  (no boots)
Stlth    ..........             (no amulet)
HPRegen  0.13/turn              (no ring)
MPRegen  0.09/turn              (no ring)

@: lethally poisoned (-3 -> -6), slowed, very slow
A: no striking features
a: no special abilities


You were on level 2 of the Dungeon.
You were not hungry.

You visited 1 branch of the dungeon, and saw 2 of its levels.

You collected 167 gold pieces.

Inventory:

Hand Weapons
 a - a +0 hand axe (weapon)
Armour
 h - a +0 chain mail (worn)
Scrolls
 f - a scroll of noise {unknown}
 l - a scroll of blinking {unknown}
 m - a scroll of remove curse {unknown}
 n - a scroll of amnesia {unknown}
Potions
 b - a potion of degeneration
 d - a potion of invisibility {unknown}
 g - a potion of cancellation {unknown}
 i - a potion of berserk rage {unknown}
 j - 2 potions of curing {unknown}
 o - a potion of haste {unknown}
Comestibles
 c - 3 rations


   Skills:
 + Level 4.4 Fighting
 + Level 5.4 Axes
 + Level 1.3 Armour
 + Level 3.0 Dodging
 + Level 1.7 Stealth


You had 3 spell levels left.
You didn't know any spells.

Dungeon Overview and Level Annotations

Branches:
Dungeon (2/15)

Altars:
Uskayaw


Message History

The adder is heavily wounded.
You feel sick.
The adder bites you but does no damage. x2
You hit the adder.
The adder is almost dead.
You feel sick.
The adder bites you but does no damage. x2
You miss the adder.
The adder is almost dead.
You feel sick.
The adder bites you but does no damage. x2
You hit the adder.
You kill the adder!
You feel your intelligence returning.
You feel sick.
Your chain mail prevents you from hitting the worm.
You feel sick. The worm bites you!
* * * LOW HITPOINT WARNING * * *
You hit the worm.
The worm is lightly wounded.
* * * LOW HITPOINT WARNING * * *
You feel sick. The worm bites you.
You die...

#...######≈. ### ### .≈#.....#...
........##≈..#.) ..#..≈#.###.##..
#...###.##≈..#.. ..#..≈#.# #.##.#
##.## #..#≈..... .....≈#.# #.##.#
...# ####≈.....#.....≈#.###.##.#
#..# #≈...........≈#.#...##.#
...#######≈≈w≈≈≈.≈≈≈≈≈≈#.#.####.#
...[.....# #w##### ###.# #.#
#.######## #@†...# #.# #..
#.########### ###.#######.## ###
#...........# #.....)....#####
###########.# #########.......
#.# #.###### #.# #.# #.#
##########.# #.# #..........# #.#
#.##########


You could see a worm.

Vanquished Creatures
  Natasha (D:2)
  3 adders (D:2)
  An ooze (D:1)
  A dart slug (D:1)
  6 bats
  5 giant cockroaches (D:1)
  5 hobgoblins
  4 jackals (D:2)
  A quokka (D:2)
  4 frilled lizards
  6 goblins
  5 kobolds
  4 rats
46 creatures vanquished.

Notes
Turn   | Place    | Note
-------+----------+-------------------------------------------
     0 | D:1      | JOKERXD40 the Hill Orc Monk began the quest for the Orb.
     0 | D:1      | Reached XP level 1. HP: 19/19 MP: 1/1
   118 | D:1      | Reached XP level 2. HP: 19/27 MP: 2/2
   451 | D:1      | Reached XP level 3. HP: 27/33 MP: 3/3
   844 | D:2      | Noticed a hand axe
   845 | D:2      | Noticed a dagger
   853 | D:2      | Found a hide-covered altar of Uskayaw.
  1107 | D:2      | Reached skill level 5 in Axes
  1208 | D:2      | Reached XP level 4. HP: 38/40 MP: 4/4
  1462 | D:2      | Noticed Natasha
  1487 | D:2      | Killed Natasha
  1487 | D:2      | Reached skill level 1 in Armour
  1496 | D:2      | HP: 2/41 [worm (8)]
  1497 | D:2      | Slain by a worm

Skill      XL: |  1  2  3  4 |
---------------+-------------+-----
Fighting       | 4 |  4.4
Axes           | 5 |  5.4
Armour         | 1 |  1.3
Dodging        | 3 |  3.0
Stealth        | |  1.7

Action                   |  1- 3 |  4- 6 || total
-------------------------+-------+-------++-------
Melee: Hand axe          |   185 |    44 ||   229
  Use: Potion            |       |     3 ||     3
 Stab: Sleeping          |     1 |       ||     1
  Eat: Chunk             |     1 |     1 ||     2
Armor: Robe              |    14 |       ||    14
       Leather armour    |    16 |       ||    16
       Chain mail        |    62 |    45 ||   107
Dodge: Dodged            |   109 |    20 ||   129
